 Dungeon Crawl Stone Soup version 0.32-a0-872-g59262bdc9b (webtiles) character file.

Game seed: 2297139886864617119

47 McSplat the Digger (level 3, -4/26 HPs)
             Began as a Ghoul Earth Elementalist on Mar 31, 2024.
             Slain by a goblin
             ... wielding a +1 dagger of speed
             ... led by Robin
              (6 damage)
             ... on level 2 of the Dungeon.
             The game lasted 00:05:50 (1329 turns).

McSplat the Digger (Ghoul Earth Elementalist)       Turns: 1329, Time: 00:05:51

Health: -4/26      AC:  3    Str: 11    XL:     3   Next: 70%
Magic:  2/5        EV: 10    Int: 16    God:
Gold:   76         SH:  0    Dex:  9    Spells: 0/5 levels left

rFire   . .          .
                       - Unarmed
rCold   + . .        a - orb {light}
rNeg    + + +        o - +0 leather armour
rPois   ∞            (no helmet)
rElec   .            (no cloak)
rCorr   .            (no gloves)
SInv    .            (no boots)
Will    .....        (no amulet)
Stlth   +            (no ring)
HPRegen 0.00/turn    (no ring)
MPRegen 0.09/turn

%: no passive effects
@: inhibited regen, glowing
A: claws 1, cold resistance 1, negative energy resistance 3, inhibited
regeneration, torment resistance 2, devour on kill
a: no special abilities


You were on level 2 of the Dungeon.
You visited 1 branch of the dungeon, and saw 2 of its levels.

You collected 76 gold pieces.

Inventory:

Armour
 a - an orb of light (worn)
 o - a +0 leather armour (worn)
Wands
 d - a wand of digging (2)
Scrolls
 e - a scroll of brand weapon {unknown}
 f - a scroll of revelation {unknown}
 h - a scroll of immolation {unknown}
 i - a scroll of poison {unknown}
 l - a scroll of amnesia {unknown}
 m - a scroll of identify {unknown}
 p - a scroll of teleportation {unknown}
Potions
 b - a potion of magic
 c - a potion of enlightenment {unknown}
 g - a potion of might {unknown}
 j - 2 potions of ambrosia {unknown}
 k - a potion of curing {unknown}
 n - a potion of haste {unknown}


   Skills:
 - Level 1.7 Dodging
 - Level 2.7 Stealth
 + Level 1.8 Unarmed Combat
 - Level 1.7 Spellcasting
 + Level 1.3 Conjurations
 + Level 3.8 Earth Magic


You couldn't memorise any spells.
You knew the following spells:

 Your Spells              Type           Power      Damage    Failure   Level
a - Sandblast             Erth           26%        2d8       5%          1
b - Magic Dart            Conj           20%        1d4       16%         1
c - Stone Arrow           Conj/Erth      18%        3d8       28%         3

Your spell library contained the following spells:

 Spells                   Type           Power      Damage    Failure   Level
 Passwall                 Erth           13%        N/A       17%         3
 Blink                    Tloc           2%         N/A       38%         2
 Call Imp                 Summ           2%         N/A       38%         2
 Mercury Vapours          Alch/Air       2%         N/A       38%         2
 Mephitic Cloud           Conj/Alch/Air  2%         N/A       56%         3
 Brom's Barrelling Bould  Conj/Erth      9%         2d3       67%         4
 Petrify                  Alch/Erth      7%         N/A       77%         4
 Freezing Cloud           Conj/Ice/Air   1%         6-21      100%        5


Dungeon Overview and Level Annotations

Branches:
Dungeon (2/15)

Altars:

Annotations:
D:2 Robin


Innate Abilities, Weirdness & Mutations

You are immune to poison.
You have sharp fingernails.
Your flesh is cold resistant. (rC+)
You are immune to negative energy. (rN+++)
You do not regenerate when monsters are visible.
You are immune to unholy pain and torment.
You thrive by killing the living.


Message History

You miscast Magic Dart.
You are very lightly contaminated with residual magic.
Nothing appears to happen.
A goblin comes into view. It is wielding a +0 dagger of venom.
You barely miss the goblin. The goblin closely misses you.
You scratch the goblin.
The goblin is moderately wounded.
A goblin comes into view. It is wielding a +1 dagger of speed.
The goblin hits you with a +0 dagger.
You barely miss the goblin.
The goblin is moderately wounded.
A goblin comes into view. It is wielding a +0 dagger.
Robin throws the goblin at you!
The goblin shoots a sling bullet.
The sling bullet hits you but does no damage.
You closely miss the goblin.
The goblin is moderately wounded.
The goblin hits you but does no damage.
Robin hits you from afar with a +0 spear.
The goblin shoots a sling bullet.
The sling bullet hits you.
You are too injured to fight recklessly!
The goblin barely misses you. Robin throws the goblin at you!
The goblin unwields a +0 dagger of venom.
It stops dripping with poison.
The goblin wields a +0 sling.
The goblin shoots a sling bullet.
The sling bullet hits you. Robin hits you with a +0 spear.
The goblin unwields a +0 sling.
The goblin wields a +0 dagger.
The goblin barely misses you.
Things that are here:
a +0 dagger; a +0 sling
Found a stone staircase leading up.
Robin throws the goblin at you!
Your magical contamination has completely faded away.
The goblin attacks as it pursues you! The goblin barely misses you.
The goblin hits you with a +1 dagger of speed.
Robin barely misses you.
You open the door.
The goblin hits you with a +1 dagger of speed.
* * * LOW HITPOINT WARNING * * *
Robin throws the goblin at you! The goblin hits you with a +0 dagger.
* * * LOW HITPOINT WARNING * * *
The goblin hits you with a +1 dagger of speed.
You die...

# ## .........>....#
#..........$.#
#............# ##
#............# .##
#............# ..#
#............# ..##
#............# ...#
#.##'#g#.##### .#.##
#.##@#.#)### .#..#
#.#ggg.gg..# .##.##
#†###.##.#.### .##..#
#...#<##.#...# .###.####
###.####.###.# ## #....##
#.).###..###.##
####..####......)##....#
##.##....#######....####
######.......#######.......#


You could see Robin, a hobgoblin (strong) and 3 goblins.

Vanquished Creatures
  An adder (D:2)
  A dart slug (D:1)
  4 bats
  An endoplasm (D:2)
  3 giant cockroaches
  5 goblins
  5 hobgoblins
  3 ball pythons
  2 frilled lizards (D:2)
  4 kobolds (D:2)
  4 rats (D:1)
33 creatures vanquished.

Notes
Turn   | Place    | Note
-------+----------+-------------------------------------------
     0 | D:1      | McSplat the Ghoul Earth Elementalist began the quest for
                  | the Orb.
     0 | D:1      | Reached XP level 1. HP: 14/14 MP: 3/3
   105 | D:1      | Reached skill level 1 in Conjurations
   255 | D:1      | Reached XP level 2. HP: 20/20 MP: 4/4
   424 | D:1      | Reached skill level 1 in Unarmed Combat
   777 | D:1      | Learned a level 1 spell: Magic Dart
   969 | D:2      | Reached XP level 3. HP: 26/26 MP: 5/5
  1073 | D:2      | Learned a level 3 spell: Stone Arrow
  1305 | D:2      | Noticed Robin
  1329 | D:2      | Slain by a goblin

Illustrated notes

Levels and vault maps discovered:
D:1:      dpeg_arrival_short_road, layout_basic
D:2:      layout_basic, minmay_misc_feat_pillars, uniq_robin

Skill      XL: |  1  2 |
---------------+-------+-----
Conjurations   | 1 |  1.3
Unarmed Combat | 1 |  1.8
Dodging        | |  1.7
Stealth        | |  2.7
Spellcasting   | |  1.7
Earth Magic    | |  3.8

Action                     || total
---------------------------++-------
  Melee: Unarmed           ||    93
         Punch             ||     1
   Cast: Sandblast         ||    14
         Magic Dart        ||    11
   Stab: Sleeping          ||     2
 Armour: Robe              ||    47
         Leather armour    ||    28
  Dodge: Dodged            ||    71

Table legend: (Time is in decaauts)
 A = Elapsed time spent in this place.
 B = Non-inter-level travel time spent in this place.
 C = Inter-level travel time spent in this place.
 D = Time resting spent in this place.
 E = Time spent auto-exploring this place.
 F = Levels seen in this place.
 G = Mean time per level.
                   A        B        C        D        E       F      G
               +--------+--------+--------+--------+--------+-----+--------+
         Total |   1333 |   1298 |     35 |     41 |    925 |   2 |  666.5 |
       Dungeon |   1333 |   1298 |     35 |     41 |    925 |   2 |  666.5 |
               +--------+--------+--------+--------+--------+-----+--------+

Top non-repeatable levels by time:
     D:1: 825 daAuts
     D:2: 508 daAuts
